 Dungeon Crawl Stone Soup version 0.27.0-1-g7a089689b8 (webtiles) character file.

Game seed: 2260323830066966708

212 Delamore the Cudgeller (level 5, -4/34 HPs)
             Began as a Gargoyle Fighter on Aug 12, 2021.
             Blown up by Ijyb (17 damage)
             ... with a mindburst bolt
             ... on level 3 of the Dungeon.
             The game lasted 00:02:13 (2587 turns).

Delamore the Cudgeller (Gargoyle Fighter)           Turns: 2587, Time: 00:02:14

Health: -4/34      AC: 13    Str: 20    XL:     5   Next: 89%
Magic:  5/5        EV:  7    Int:  9    God:
Gold:   80         SH:  9    Dex:  9    Spells: 4/4 levels left

rFire    . . .     SeeInvis .   a - +0 flail
rCold    . . .     Faith    .   c - +0 kite shield
rNeg     + . .     Spirit   .   b - +0 scale mail
rPois    ∞         Reflect  .   (no helmet)
rElec    +         Harm     .   i - +0 cloak
rCorr    .         Rampage  .   m - +0 pair of gloves
Will     .....                  (no boots)
Stlth    ..........             (no amulet)
HPRegen  0.11/turn              (no ring)
MPRegen  0.09/turn              (no ring)

@: no status effects
A: sickness immunity, AC +4, negative energy resistance 1, electricity
resistance, torment resistance 1, petrification resistance
a: no special abilities


You were on level 3 of the Dungeon.
You visited 1 branch of the dungeon, and saw 3 of its levels.

You collected 80 gold pieces.

Inventory:

Hand Weapons
 a - a +0 flail (weapon)
Missiles
 g - 8 javelins (quivered)
Armour
 b - a +0 scale mail (worn)
 c - a +0 kite shield (worn)
 h - a +2 tower shield
 i - a +0 cloak (worn)
 m - a +0 pair of gloves (worn)
Jewellery
 f - a ring of ice
Potions
 d - a potion of might
 e - 2 potions of curing
 j - a potion of haste {unknown}
 k - a potion of mutation
 l - a potion of heal wounds


   Skills:
 + Level 4.8 Fighting
 * Level 5.0 Maces & Flails
 - Level 3.2 Armour
 - Level 3.2 Shields


You had 4 spell levels left.
You didn't know any spells.
Your spell library contained the following spells:

 Spells                   Type           Power      Damage    Failure   Level
 Magic Dart               Conj           0%         1d3       99%         1


Dungeon Overview and Level Annotations

Branches:
Dungeon (3/15)

Altars:

Annotations:
D:3 Ijyb


Innate Abilities, Weirdness & Mutations

You are immune to sickness and miasma.
Your stone body is resilient. (AC +4)
You are immune to poison.
You resist negative energy. (rN+)
You are resistant to electric shocks. (rElec)
You are resistant to unholy torment.
You are immune to petrification.


Message History

The gnoll is severely wounded.
The gnoll hits you with a +0 spear. The gnoll hits you but does no damage.
You hit the gnoll.
The gnoll is almost dead.
The gnoll hits you but does no damage.
Your shield and scale mail prevent you from hitting the gnoll.
The gnoll is almost dead.
You block the gnoll's attack. The gnoll hits you with a +0 spear.
You hit the gnoll.
You kill the gnoll!
Your Maces & Flails skill increases to level 5!
No target in view!
No target in view!
No target in view!
No target in view!
No target in view!
No target in view!
No target in view!
No target in view!
No target in view!
HP restored.
Things that are here:
a +0 spear; a gnoll corpse
Things that are here:
a +0 dagger; a +0 dagger; a goblin skeleton
Found an escape hatch in the floor.
No target in view!
Found a stone staircase leading down.
You now have 80 gold pieces (gained 16).
Ijyb the Twisted Goblin comes into view.
She is wielding a +0 dagger and carrying a wand of mindburst (14).
Ijyb shouts!
Ijyb is nearby!
Ijyb screams, "It's all mine!"
Ijyb zaps a wand.
Your mind is blasted!
Ouch! That really hurt!
* * * LOW HITPOINT WARNING * * *
You feel better.
Ijyb zaps a wand.
Your mind is blasted!
Ouch! That really hurt!
You die...

####...#### #.........##########
#..>...............#
#.........########.# ####...####
#.# #...# #.# #...# #.#
##########...######### #.#
#.....).......@......###.######
###.########...######g...........
......#######.## #..###.######
...)...<......# #..# #.#
###.#.#..###### #..# #.#
#.#.#..####### #.g###.#
#.#.#......... #....#.#
#.#.#.#######.# ##.#.#.. #.#.#.##
... ......g#


You could see Ijyb.

Vanquished Creatures
  A bullfrog (D:3)
  Jessica (D:2)
  3 gnolls
  4 adders
  4 dart slugs
  12 ball pythons
  5 endoplasms
  5 giant cockroaches
  3 goblins
  4 hobgoblins
  5 kobolds
  3 quokkas
  A bat (D:1)
  A frilled lizard (D:1)
  3 rats
55 creatures vanquished.

Vanquished Creatures (others)
  A fungus (D:1)
  A plant (D:1)
2 creatures vanquished.

Grand Total: 57 creatures vanquished

Notes
Turn   | Place    | Note
-------+----------+-------------------------------------------
     0 | D:1      | Delamore the Gargoyle Fighter began the quest for the Orb.
     0 | D:1      | Reached XP level 1. HP: 14/14 MP: 1/1
   211 | D:1      | Reached XP level 2. HP: 14/19 MP: 2/2
   328 | D:1      | Found a faded altar of an unknown god.
   447 | D:1      | Got Plato's Almanac of Arcane Weapons
   797 | D:1      | Reached skill level 3 in Maces & Flails
   855 | D:1      | Reached XP level 3. HP: 23/24 MP: 3/3
  1694 | D:2      | Reached XP level 4. HP: 25/29 MP: 4/4
  2059 | D:3      | Noticed a bullfrog
  2070 | D:3      | Killed a bullfrog
  2071 | D:3      | Reached skill level 4 in Maces & Flails
  2071 | D:3      | Reached XP level 5. HP: 22/34 MP: 5/5
  2274 | D:3      | Noticed Jessica
  2478 | D:2      | Killed Jessica
  2502 | D:3      | Reached skill level 5 in Maces & Flails
  2575 | D:3      | Noticed Ijyb
  2587 | D:3      | Blown up by Ijyb

Illustrated notes

Levels and vault maps discovered:
D:1:      psy_arrival_wood_between_worlds, layout_basic,
          shapermc_ecumenical_altar_rom_forum
D:2:      layout_basic
D:3:      layout_loops_ring, mainiacjoe_overflow_alcove_1, st_stairs_10,
          uniq_ijyb, uniq_jessica

Skill      XL: |  1  2  3  4  5 |
---------------+----------------+-----
Maces & Flails | 3 4 5 |  5.0
Fighting       | 4 |  4.8
Armour         | |  3.2
Shields        | |  3.2

Action                   |  1- 3 |  4- 6 || total
-------------------------+-------+-------++-------
Melee: Flail             |   119 |    68 ||   187
  Use: Scroll            |       |     3 ||     3
       Potion            |       |     1 ||     1
Armor: Scale mail        |    80 |    43 ||   123
Dodge: Dodged            |    49 |    19 ||    68
Block: Kite shield       |    81 |    31 ||   112
